 Dungeon Crawl Stone Soup version 0.29-a0-362-g5854e031c7 (webtiles) character file.

Game seed: 1804887676204987714

360 Shayle the Sneak (level 6, -10/38 HPs)
             Began as a Tengu Brigand on Apr 29, 2022.
             Killed by divine providence
             ... invoked by an orc priest
              (13 damage)
             ... on level 5 of the Dungeon.
             The game lasted 00:17:45 (3975 turns).

Shayle the Sneak (Tengu Brigand)                    Turns: 3975, Time: 00:17:45

Health: -10/38     AC:  3    Str: 11    XL:     6   Next: 65%
Magic:  11/11      EV: 16    Int: 13    God:
Gold:   223        SH:  5    Dex: 16    Spells: 10/10 levels left

rFire   . . .      SeeInvis .   i - +2 whip (elec)
rCold   . . .      Faith    .   (no shield)
rNeg    . . .      Spirit   .   b - +0 robe
rPois   .          Reflect  +   (helmet restricted)
rElec   .          Harm     .   c - +0 cloak
rCorr   .          Rampage  .   (no gloves)
Will    .....                   (boots unavailable)
Stlth   +++.......              o - amulet of reflection
HPRegen 0.12/turn               (no ring)
MPRegen 0.12/turn               (no ring)

@: flying quickly and evasively, quick
A: beak, talons 3, nimble flight
a: no special abilities


You were on level 5 of the Dungeon.
You visited 1 branch of the dungeon, and saw 5 of its levels.

You collected 223 gold pieces.

Inventory:

Hand Weapons
 a - a +2 dagger
 i - a +2 whip of electrocution (weapon)
Missiles
 d - 23 poisoned darts
 e - 2 curare-tipped darts (quivered)
 v - 6 javelins
Armour
 b - a +0 robe (worn)
 c - a +0 cloak (worn)
 A - an orb of wrath
 B - a +0 buckler
Jewellery
 j - a ring of ice
 o - an amulet of reflection (around neck)
 z - a ring of protection from cold
Wands
 u - a wand of polymorph (6)
Scrolls
 f - 2 scrolls of blinking {unknown}
 l - 2 scrolls of amnesia {unknown}
 p - 2 scrolls of enchant armour {unknown}
 t - 2 scrolls of teleportation {unknown}
 x - a scroll of summoning {unknown}
 y - a scroll of brand weapon {unknown}
 C - a scroll of fear {unknown}
Potions
 g - a potion of lignification
 h - 2 potions of might
 m - a potion of cancellation
 n - 3 potions of degeneration
 q - a potion of heal wounds {unknown}
 r - a potion of haste
 s - a potion of attraction {unknown}
 w - a potion of brilliance {unknown}


   Skills:
 + Level 3.7 Fighting
 - Level 2.1 Short Blades
 - Level 2.0 Throwing
 + Level 3.6 Dodging
 + Level 5.3 Stealth
 + Level 2.7 Spellcasting


You had 10 spell levels left.
You didn't know any spells.
Your spell library contained the following spells:

 Spells                   Type           Power      Damage    Failure   Level
 Slow                     Hex            4%         N/A       24%         1
 Confusing Touch          Hex            1%         N/A       56%         3
 Conjure Flame            Conj/Fire      1%         6-21      56%         3
 Ignite Poison            Fire/Tmut/Pois 1%         N/A       56%         3
 Vampiric Draining        Necr           1%         2d6       56%         3
 Sticky Flame             Conj/Fire      1%         2d3       93%         4


Dungeon Overview and Level Annotations

Branches:
Dungeon (5/15)
 Temple: D:4-7

Altars:
Cheibriados
Fedhas
Nemelex Xobeh
Ru
Vehumet
Xom

Shops:
D:3 [   D:5 *

Annotations:
D:5 Eustachio


Innate Abilities, Weirdness & Mutations

You have a beak for a mouth.
You have claws for feet.
Your magical nature lets you fly swiftly and evasively.


Message History

You reach down and open the door.
There is an open door here.
You pick up an Everburning Encyclopedia and begin reading...
You add the spells Conjure Flame, Ignite Poison and Sticky Flame to your library.
The orc priest shouts!
The orc priest shouts! x3
Found a leather armour.
Found an escape hatch in the ceiling.
You see here a +0 leather armour.
Found a book of Flames.
The ogre shouts!
You see here a book of Flames.
You whack the ogre! You claw the ogre, but do no damage.
The ogre is moderately wounded.
You block the ogre's attack.
The ogre hits you with a +0 giant club!!
Ouch! That really hurt!
* * * LOW HITPOINT WARNING * * *
You see here a scroll labelled BOAMIC DAKOPYNN.
Unknown command.
You feel better.
The orc priest mumbles some strange prayers to Beogh against you.
Beogh smites you!
* * * LOW HITPOINT WARNING * * *
Unknown command.
Okay, then.
Okay, then.
Okay, then.
Okay, then.
Throw: 3 darts (curare)
Press: ? - help, Q - select action, (/) - cycle Shift-Dir - straight line, f - ogre
Aim: an ogre, wielding a +0 giant club (lightly wounded, 76% to hit)
You throw a curare-tipped dart.
The curare-tipped dart barely misses the ogre.
You block the ogre's attack. The ogre closely misses you.
The orc priest looks braver for a moment.
The orc priest calls down the wrath of Beogh upon you.
Beogh smites you!
You die...

..... ..........# ....
.<..oo....# ....
#.......:.# .##
.......#..### ..#
........(?..#
..###..........O..###
............##......#
....>.......#......##
..#.. ........#@.##
..## ...........# ...#
##........##
...######..#.###.<#
..........####....##
##........# ##....##.#
#........# #.........#
#..##....#####.########
#..#.#.......#..#


You could see an ogre and 2 orc priests.

Vanquished Creatures
  2 scorpions
  Jessica (D:3)
  An orc wizard (D:4)
  Terence (D:2)
  7 gnolls
  An adder (D:4)
  A shadow imp (D:4)
  A white imp (D:4)
  An ufetubus (D:4)
  A worm (D:1)
  5 orcs (D:4)
  7 ball pythons
  4 endoplasms
  3 giant cockroaches
  6 goblins
  6 hobgoblins
  4 jackals (D:4)
  7 kobolds
  2 quokkas
  5 bats
  2 frilled lizards
  6 rats
  A butterfly (D:4)
75 creatures vanquished.

Notes
Turn   | Place    | Note
-------+----------+-------------------------------------------
     0 | D:1      | Shayle the Tengu Brigand began the quest for the Orb.
     0 | D:1      | Reached XP level 1. HP: 12/12 MP: 2/2
   132 | D:1      | Reached XP level 2. HP: 17/17 MP: 3/3
   461 | D:2      | Noticed Terence
   466 | D:2      | Killed Terence
   467 | D:2      | Reached skill level 1 in Spellcasting
   467 | D:2      | Reached XP level 3. HP: 22/22 MP: 5/5
   802 | D:2      | Found a snail-covered altar of Cheibriados.
   976 | D:2      | Reached XP level 4. HP: 27/27 MP: 6/6
  1123 | D:3      | Noticed Jessica
  1558 | D:3      | Killed Jessica
  1559 | D:3      | Gained mutation: Your magical nature lets you fly swiftly
                  | and evasively. [Tengu growth]
  1559 | D:3      | Reached XP level 5. HP: 2/32 MP: 8/8
  1874 | D:3      | Found Dixtuak's Antique Armour Shoppe.
  2076 | D:3      | Found a radiant altar of Vehumet.
  2676 | D:4      | Found a blossoming altar of Fedhas.
  2731 | D:4      | Reached skill level 5 in Stealth
  2810 | D:4      | Reached XP level 6. HP: 31/37 MP: 10/10
  2997 | D:4      | Found a sacrificial altar of Ru.
  3067 | D:4      | Found a shimmering altar of Xom.
  3269 | D:5      | Entered Level 5 of the Dungeon
  3271 | D:5      | Noticed an ice beast
  3509 | D:5      | Found Daen's Lightly-Used Armoury.
  3519 | D:5      | Noticed Eustachio
  3531 | D:5      | Noticed a komodo dragon
  3536 | D:5      | Noticed a black bear
  3873 | D:5      | Found a sparkling altar of Nemelex Xobeh.
  3975 | D:5      | Killed from afar by an orc priest

Illustrated notes

Levels and vault maps discovered:
D:1:      nzn_arrival_depleted_hourglass, layout_rooms
D:2:      layout_rooms, basic_altar, palyth_stone_intersect, uniq_terence
D:3:      layout_loops_ring, nicolae_overflow_hidden_temple, serial_shops,
          nicolae_shop_trees, uniq_jessica
D:4:      layout_rooms, nicolae_ru_sacrificial_ziggurat, xom_butterflies,
          mainiacjoe_overflow_small_starburst
D:5:      layout_cave_pools, nemelex_spade_bored_becter,
          minmay_temple_entry_arrows, minmay_shop_damaged,
          minmay_a_box_with_orc_wizards_in_it, uniq_crazy_yiuf_cottage,
          uniq_blork_the_orc, uniq_eustachio

Skill      XL: |  1  2  3  4  5 |
---------------+----------------+-----
Dodging        | 2 3 |  3.6
Spellcasting   | 1 2 |  2.7
Fighting       | 3 |  3.7
Stealth        | 5 |  5.3
Short Blades   | |  2.1
Throwing       | |  2.0

Action                   |  1- 3 |  4- 6 || total
-------------------------+-------+-------++-------
Melee: Dagger            |    16 |       ||    16
       Peck              |     3 |    18 ||    21
       Whip              |    26 |   119 ||   145
       Kick              |     5 |    28 ||    33
Throw: Dart              |     1 |     1 ||     2
  Use: Scroll            |       |     6 ||     6
       Potion            |       |     1 ||     1
 Stab: Sleeping          |    11 |     7 ||    18
Armor: Robe              |     6 |    17 ||    23
Dodge: Dodged            |    16 |    77 ||    93
Block: Other             |     1 |    19 ||    20

Table legend: (Time is in decaauts)
 A = Elapsed time spent in this place.
 B = Non-inter-level travel time spent in this place.
 C = Inter-level travel time spent in this place.
 D = Time resting spent in this place.
 E = Time spent auto-exploring this place.
 F = Levels seen in this place.
 G = Mean time per level.
                   A        B        C        D        E       F      G
               +--------+--------+--------+--------+--------+-----+--------+
         Total |   3876 |   3786 |     90 |   1353 |   1517 |   5 |  775.2 |
       Dungeon |   3876 |   3786 |     90 |   1353 |   1517 |   5 |  775.2 |
               +--------+--------+--------+--------+--------+-----+--------+

Top non-repeatable levels by time:
     D:2: 1225 daAuts
     D:4: 907 daAuts
     D:3: 686 daAuts
     D:1: 598 daAuts
     D:5: 457 daAuts
